 Dungeon Crawl Stone Soup version 0.18-a0-1323-g706dcef (webtiles) character file.

170 Ratboiler the Conjurer (level 5, 28/28 HPs)
             Began as a Deep Elf Wanderer on Feb 15, 2016.
             Was a Believer of Lugonu.
             Quit the game on level 3 of the Dungeon.
             The game lasted 00:09:07 (3477 turns).

Ratboiler the Conjurer (Deep Elf Wanderer)          Turns: 3477, Time: 00:09:07

Health: 28/28      AC:  2    Str:  8    XL:     5   Next: 25%
Magic:  8/9        EV: 11    Int: 19    God:    Lugonu [**....]
Gold:   85         SH:  0    Dex: 14    Spells: 3 memorised, 2 levels left

rFire  . . .     SeeInvis .     a - -1 hunting sling (curse)
rCold  . . .     Gourm    .     d - +0 robe
rNeg   . . .     Faith    .     (no shield)
rPois  .         Spirit   .     (no helmet)
rElec  .         Dismiss  .     (no cloak)
rCorr  .         Reflect  .     (no gloves)
SustAt .         Harm     .     (no boots)
MR     .....                    (no amulet)
Stlth  ++........               (no ring)
                                (no ring)

@: not resistant to hostile enchantments, unstealthy
A: no striking features
a: Depart the Abyss, Bend Space, Renounce Religion


You were on level 3 of the Dungeon.
You worshipped Lugonu.
Lugonu was pleased with you.
You were hungry.

You visited 1 branch of the dungeon, and saw 3 of its levels.

You collected 85 gold pieces.

Inventory:

Hand Weapons
 a - a cursed -1 hunting sling (weapon)
 e - a +0 dagger
 t - a +0 long sword
Missiles
 g - 108 stones (quivered)
 h - 70 arrows
Armour
 d - a +0 robe (worn)
Scrolls
 k - a scroll of identify {unknown}
 m - 2 scrolls of random uselessness {unknown}
 o - 3 scrolls of remove curse {unknown}
 q - 3 scrolls of immolation {unknown}
 r - a scroll of fog {unknown}
 s - a scroll of enchant armour {unknown}
Potions
 i - a potion of lignification {unknown}
 j - a potion of brilliance
 p - a potion of cancellation
 u - a potion of degeneration {unknown}
 v - a potion of haste {unknown}
 w - a potion of heal wounds {unknown}
Books
 b - Sif Muna's Grimoire of Poison

   Spells                             Type                      Level
   a - Sting                          Conjuration/Poison           1
   b - Ignite Poison                  Fire/Transmutation/Poison    3
 c - Sif Muna's Collected Works on the Glacier

   Spells                             Type                      Level
   a - Freeze                         Ice                          1
   b - Ozocubu's Armour               Charms/Ice                   3
 l - a book of Geomancy

   Spells                             Type                      Level
   a - Sandblast                      Earth                        1
   b - Passwall                       Transmutation/Earth          2
   c - Stone Arrow                    Conjuration/Earth            3
   d - Petrify                        Transmutation/Earth          4
   e - Lee's Rapid Deconstruction     Earth                        5
Comestibles
 f - a bread ration
 x - a meat ration


   Skills:
 - Level 1.2 Stealth
 - Level 1.5 Spellcasting
 + Level 4.9 Conjurations
   Level 1.3 Hexes
 - Level 1.3 Charms
 - Level 3.0 Ice Magic
   Level 4.3 Earth Magic
   Level 1.1 Evocations


You had 2 spell levels left.
You knew the following spells:

 Your Spells              Type           Power        Failure   Level  Hunger
a - Freeze                Ice            ##..         8%          1    ##.....
b - Sting                 Conj/Pois      ##..         10%         1    ##.....
c - Ozocubu's Armour      Chrm/Ice       #.......     21%         3    ####...


Dungeon Overview and Level Annotations

Branches:
Dungeon (3/15)

Altars:
Lugonu


Message History

You start resting.
Your icy armour starts to melt.
You start resting.
Your icy armour evaporates.
You start resting.
HP restored.
You start resting.
You are feeling hungry.
You see here a short sword.
Eat which item? (? for menu, Esc to quit)
Okay, then.
o - 3 scrolls labeled MIRRAGUT ATOMUGHU (gained 1)
There is a faded altar to an unknown god here.
This altar will convert you to a god.
You cannot discern which.
Do you pray?
Okay, then.
This altar will convert you to a god.
You cannot discern which.
Do you pray? Lugonu accepts your prayer! Lugonu welcomes you!
You can now depart the Abyss.
You can now bend space around yourself.
Are you sure you want to abandon this character and quit the game? (Confirm with "yes".)

#.##. #...).##.
#.##.##..#.##
#.##.......#
##.###....#..$.. ##
#..##....##..... #.
#####........##.....
#.
###.....#..##..##.....
#.
#....#....###...######
##.###.#.#@#...# #...#
#......#..#..#.# #...#
#>..<.##.....#.# #...#
#..)[###.......# ...#
#)...).....#####
#..........#
#####.....## #.....#
#######


There were no monsters in sight!

Vanquished Creatures
  An orc wizard (D:3)
  5 adders
  3 gnolls (D:2)
  2 oozes
  A worm (D:2)
  2 giant geckos (D:2)
  5 orcs
  5 bats
  A giant cockroach (D:2)
  12 goblins
  5 hobgoblins
  4 kobolds
  A ball python (D:1)
  2 giant newts
  3 rats
52 creatures vanquished.

Notes
Turn   | Place    | Note
--------------------------------------------------------------
     0 | D:1      | Ratboiler the Deep Elf Wanderer began the quest for the Orb.
     0 | D:1      | Ratboiler set off with: a book of Geomancy, Sif Muna's Grimoire of Poison, Sif Muna's Collected Works on the Glacier, a +0 robe, a +0 dagger, a bread ration
     0 | D:1      | Reached XP level 1. HP: 10/10 MP: 5/5
     0 | D:1      | Identified Sif Muna's Grimoire of Poison
     0 | D:1      | Identified Sif Muna's Collected Works on the Glacier
     2 | D:1      | Learned a level 1 spell: Freeze
   242 | D:1      | Reached XP level 2. HP: 9/15 MP: 4/6
   359 | D:1      | Learned a level 1 spell: Sting
   489 | D:1      | Reached skill level 1 in Conjurations
   796 | D:2      | Reached XP level 3. HP: 13/19 MP: 1/7
  1301 | D:1      | Learned a level 3 spell: Ozocubu's Armour
  1869 | D:2      | Reached skill level 1 in Charms
  1869 | D:2      | Reached XP level 4. HP: 24/24 MP: 3/8
  3152 | D:3      | Found a faded altar to an unknown god.
  3195 | D:2      | Reached XP level 5. HP: 12/28 MP: 1/9
  3477 | D:3      | Became a worshipper of Lugonu the Unformed
  3477 | D:3      | Reached * piety under Lugonu
  3477 | D:3      | Reached ** piety under Lugonu
  3477 | D:3      | Quit the game

Vault maps used:
D:1:      minmay_arrival_four_loops
D:2:      guppyfry_early_orc_mine
D:3:      ecumenical_altar_1

Action                   |  1- 3 |  4- 6 || total
-------------------------+-------+-------++-------
Melee: Dagger            |    30 |       ||    30
 Fire: Hunting sling     |    24 |    53 ||    77
 Cast: Freeze            |    38 |    11 ||    49
       Sting             |    20 |    35 ||    55
       Ozocubu's Armour  |       |     4 ||     4
  Use: Potion            |       |     3 ||     3
 Stab: Sleeping          |     1 |       ||     1
  Eat: Chunk             |     3 |     3 ||     6
       Bread ration      |     1 |       ||     1
